 Dungeon Crawl Stone Soup version 0.17-a0-1942-g46ae386 (webtiles) character file.

51 AvaKnavely the Cutter (level 4, -10/28 HPs)
             Began as a Kobold Abyssal Knight on Sept 30, 2015.
             Was a Believer of Lugonu.
             Mangled by Sigmund
             ... wielding a +0 scythe
              (12 damage)
             ... on level 2 of the Dungeon.
             The game lasted 00:07:01 (1259 turns).

AvaKnavely the Cutter (Kobold Abyssal Knight)       Turns: 1259, Time: 00:07:01

Health: -10/28     AC:  4    Str: 10    XL:     4   Next: 5%
Magic:  5/5        EV: 14    Int: 10    God:    Lugonu [**....]
Gold:   72         SH:  0    Dex: 16    Spells: 0 memorised, 3 levels left

rFire  . . .     SeeInvis .     a - +1 short sword
rCold  . . .     Clarity  .     f - +0 leather armour
rNeg   . . .     SustAt   .     (shield restricted)
rPois  .         Gourm    .     (no helmet)
rElec  .         Spirit   .     g - +0 cloak
rCorr  .         Warding  .     (no gloves)
rMut   .         Stasis   .     (no boots)
MR     .....                    (no amulet)
Stlth  +.........               (no ring)
                                (no ring)

@: confused, not resistant to hostile enchantments, very unstealthy
A: carnivore 3
a: Depart the Abyss, Bend Space, Renounce Religion


You were on level 2 of the Dungeon.
You worshipped Lugonu.
Lugonu was pleased with you.
You were completely stuffed.

You visited 1 branch of the dungeon, and saw 2 of its levels.
You visited the Abyss 1 time.

You collected 72 gold pieces.

Inventory:

Hand weapons
 a - a +1 short sword (weapon)
 b - a +0 dagger
Armour
 f - a +0 leather armour (worn)
 g - a +0 cloak (worn)
Scrolls
 d - 2 scrolls of teleportation
 e - 2 scrolls of identify
 h - a scroll of magic mapping
 i - a scroll of random uselessness
 l - a scroll of enchant armour {unknown}
Potions
 j - a potion of curing {unknown}
 k - a potion of brilliance {unknown}
Comestibles
 c - a meat ration
 m - a chunk of flesh
 n - a beef jerky


   Skills:
 - Level 3.2 Fighting
 - Level 5.0 Short Blades
 - Level 0.7 Armour
 - Level 2.4 Dodging
 + Level 1.5 Stealth
 - Level 2.0 Invocations


You had 3 spell levels left.
You didn't know any spells.

Dungeon Overview and Level Annotations

Branches:
Dungeon (2/15)

Altars:

Annotations:
D:2 Sigmund


Innate Abilities, Weirdness & Mutations

You are small and have problems with some larger weapons.
You are carnivorous and can eat meat at any time.


Message History

The giant gecko closely misses you.
Sigmund casts a spell.
Sigmund flickers and vanishes!
Deactivating autopickup; reactivate with Ctrl-A.
The giant gecko bites you but does no damage.
You hear some strange, mumbled words.
You are confused.
The giant gecko closely misses you.
The giant gecko bites you but does no damage.
Something hits you!
* * * LOW HITPOINT WARNING * * *
You're too confused!
You closely miss the giant gecko.
The giant gecko bites you but does no damage.
You hear some strange, mumbled words.
Something tries to affect you, but you resist.
The giant gecko bites you.
* * * LOW HITPOINT WARNING * * *
Something hits you!
You die...

#..# ####.#####
#########........#
#.............##.#
#%.............#.#
#..............#.#
#..............#.#######
#..............#...<....
#.....{@.......####...##
#......l........# #...# .
#...............# #...##
....####......<......#.###.....
.....................#..##..###
...............................
....................###....####
g.............####+#.......#
..............# #.#..>..#


You could see a giant gecko.

Vanquished Creatures
  An adder (D:2)
  An ooze (D:1)
  A worm (D:1)
  A giant gecko (D:1)
  A giant cockroach (D:1)
  9 goblins (D:1)
  4 jackals (D:1)
  2 kobolds (D:1)
  5 bats (D:1)
  4 giant newts
  6 rats (D:1)
35 creatures vanquished.

Notes
Turn   | Place    | Note
--------------------------------------------------------------
     0 | Abyss:1  | AvaKnavely the Kobold Abyssal Knight began the quest for the Orb.
     0 | Abyss:1  | Reached XP level 1. HP: 14/14 MP: 2/2
     1 | Abyss:1  | Found a corrupted altar of Lugonu.
    36 | Abyss:1  | Noticed a worldbinder
   114 | Abyss:1  | Found a corrupted altar of Lugonu.
   167 | Abyss:1  | Noticed a rakshasa
   168 | D:1      | Escaped the Abyss
   225 | D:1      | Acquired Lugonu's first power
   225 | D:1      | Reached XP level 2. HP: 12/19 MP: 3/3
   447 | D:1      | Reached skill level 4 in Short Blades
   595 | D:1      | Reached XP level 3. HP: 23/23 MP: 4/4
  1017 | D:1      | Acquired Lugonu's second power
  1023 | D:1      | Reached skill level 5 in Short Blades
  1139 | D:2      | Reached skill level 1 in Stealth
  1139 | D:2      | Reached XP level 4. HP: 17/28 MP: 5/5
  1234 | D:2      | Noticed Sigmund
  1259 | D:2      | Mangled by Sigmund

Vault maps used:
D:1:      minmay_arrival_plants_in_alcoves, serial_forest,
          infiniplex_forest_lined_1, infiniplex_forest_lined_corner,
          infiniplex_forest_clump_C, infiniplex_forest_lined_2,
          infiniplex_forest_lined_2, infiniplex_forest_clump_curved,
          infiniplex_forest_straight_5, hangedman_decor_peaks_small
D:2:      first_bread, uniq_sigmund
Abyss:1:  minivault_1

Action                   |  1- 3 |  4- 6 || total
-------------------------+-------+-------++-------
Melee: Short sword       |   138 |     1 ||   139
Invok: Depart the Abyss  |     1 |       ||     1
  Use: Scroll            |     3 |       ||     3
  Eat: Chunk             |     9 |     1 ||    10
